[Event "FIDE World Rapid-ch Open 2018"]
[White "Sharma, Dinesh K."]
[Black "Pantsulaia, Levan"]
[Site "St. Petersburg"]
[Round "2.37"]
[Annotator "ChessBase"]
[Result "1/2-1/2"]
[Date "2018.12.26"]
[WhiteElo "2295"]
[BlackElo "2597"]
[PlyCount "50"]
[TimeControl "900+10"]

1. e4 c5 2. Nf3 e6 3. d4 cxd4 4. Nxd4 a6 5. Bd3 Bc5 6. Nb3 Ba7 7. Qg4 Qf6 8. Qg3 Nc6 9. Nc3 Nge7 10. f4 d6 11. e5 Qh6 12. Ne4 Nf5 13. Nxd6+ Nxd6 14. exd6 Qf6 15. c3 0-0 16. Be3 e5 17. 0-0 Bxe3+ 18. Qxe3 Qxd6 19. f5 f6 20. Rad1 Qc7 21. Qc5 Bd7 22. Bc4+ Kh8 23. Qd6 Qb6+ 24. Qc5 Qc7 25. Qd6 Qb6+ 1/2-1/2

[Event "FIDE World Rapid-ch Open 2018"]
[White "Tsoi, Dmitry"]
[Black "Alekseev, Evgeny"]
[Site "St. Petersburg"]
[Round "2.38"]
[Annotator "ChessBase"]
[Result "1/2-1/2"]
[Date "2018.12.26"]
[WhiteElo "2424"]
[BlackElo "2639"]
[PlyCount "62"]
[TimeControl "900+10"]

1. e4 e5 2. Nf3 Nc6 3. Bb5 a6 4. Ba4 b5 5. Bb3 Na5 6. 0-0 d6 7. d4 exd4 8. c3 d3 9. Qxd3 Bb7 10. Bc2 Nf6 11. a4 Be7 12. axb5 Bxe4 13. Qe2 Bxc2 14. Qxc2 axb5 15. Nd4 c5 16. Nf5 0-0 17. Qe2 Re8 18. Qxb5 Bf8 19. Bf4 g6 20. b4 cxb4 21. cxb4 Nc6 22. Rxa8 Qxa8 23. Nxd6 Nd4 24. Qc4 Ne2+ 25. Kh1 Re6 26. Be3 Bxd6 27. Qxe2 Bxb4 28. Nd2 Bc5 29. Re1 Qd5 30. Nf1 Kg7 31. Qd1 Qxd1 1/2-1/2

[Event "FIDE World Rapid-ch Open 2018"]
[White "Yudin, Sergei"]
[Black "AL-Sayed, Mohammed"]
[Site "St. Petersburg"]
[Round "2.39"]
[Annotator "ChessBase"]
[Result "1-0"]
[Date "2018.12.26"]
[WhiteElo "2507"]
[BlackElo "2484"]
[PlyCount "101"]
[TimeControl "900+10"]

1. e4 c5 2. Nf3 Nc6 3. c3 Nf6 4. e5 Nd5 5. Bc4 Nb6 6. Bb3 d6 7. exd6 Qxd6 8. 0-0 Be6 9. Bxe6 Qxe6 10. a4 Qd7 11. a5 Nd5 12. a6 b6 13. d4 cxd4 14. Nxd4 e6 15. Qa4 Nxd4 16. Qxd4 Bc5 17. Qxg7 0-0-0 18. Qg3 Rhg8 19. Qf3 Qc6 20. Nd2 f5 21. Nb3 Rg4 22. h3 Re4 23. Nxc5 Qxc5 24. Bh6 Rg8 25. Rfe1 Nf6 26. Be3 Qc6 27. Kh1 Rc4 28. Bd4 Rg6 29. Qxc6+ Rxc6 30. b3 Nd5 31. Be5 Rg8 32. c4 Nb4 33. Re2 Rd8 34. Bc3 Nd3 35. Bf6 Rd7 36. g4 e5 37. g5 e4 38. f3 exf3 39. Re3 f2 40. Kg2 Rcd6 41. Kf1 Kc7 42. Rd1 Kc6 43. h4 b5 44. h5 bxc4 45. bxc4 f4 46. Re7 Rxe7 47. Bxe7 Rd7 48. Bf6 Nc5 49. Rxd7 Kxd7 50. g6 hxg6 51. h6 1-0

[Event "FIDE World Rapid-ch Open 2018"]
[White "Mchedlishvili, Mikheil"]
[Black "Steinberg, Nitzan"]
[Site "St. Petersburg"]
[Round "2.40"]
[Annotator "ChessBase"]
[Result "0-1"]
[Date "2018.12.26"]
[WhiteElo "2610"]
[BlackElo "2532"]
[PlyCount "98"]
[TimeControl "900+10"]

1. d4 d5 2. c4 c6 3. Nf3 Nf6 4. g3 dxc4 5. Bg2 g6 6. Ne5 Be6 7. 0-0 Bg7 8. Na3 Ng4 9. Naxc4 Nxe5 10. Nxe5 Nd7 11. Nf3 Bd5 12. Qc2 Bxf3 13. Bxf3 Bxd4 14. Bh6 Qb6 15. Rad1 Ne5 16. Qe4 0-0-0 17. Kg2 f5 18. Qh4 Rd7 19. b3 Nxf3 20. exf3 Qc5 21. Rc1 Qd5 22. Rfd1 e5 23. Rc4 c5 24. Be3 b6 25. Bxd4 exd4 26. Rc2 Kb7 27. Qf4 Re8 28. Qd2 d3 29. Rc3 Re2 30. Qf4 Qd4 31. Qxd4 Rxd4 32. a4 d2 33. Kf1 Re7 34. h4 Kc6 35. Rc2 Red7 36. Ke2 Re7+ 37. Kf1 Red7 38. Ke2 a6 39. Rc3 b5 40. axb5+ axb5 41. Re3 c4 42. bxc4 bxc4 43. f4 Kc5 44. h5 gxh5 45. Re5+ Kb4 46. Rb1+ Kc3 47. Kd1 Re4 48. Ra1 Kd3 49. Raa5 c3 0-1

[Event "FIDE World Rapid-ch Open 2018"]
[White "Ovchinnikov, Vsevolod"]
[Black "Alekseenko, Kirill"]
[Site "St. Petersburg"]
[Round "2.41"]
[Annotator "ChessBase"]
[Result "0-1"]
[Date "2018.12.26"]
[WhiteElo "2329"]
[BlackElo "2638"]
[PlyCount "60"]
[TimeControl "900+10"]

1. Nf3 c5 2. c4 Nc6 3. g3 g6 4. Bg2 Bg7 5. Nc3 d6 6. d3 Bf5 7. Bd2 Nf6 8. a3 0-0 9. b4 cxb4 10. axb4 Nxb4 11. Nd4 Bg4 12. Qb1 a5 13. Ncb5 d5 14. Bxb4 axb4 15. Rxa8 Qxa8 16. 0-0 e5 17. Nf3 e4 18. Nfd4 Qa4 19. dxe4 dxc4 20. e5 Nd7 21. Qe4 Nxe5 22. f4 Nc6 23. Nxc6 bxc6 24. Nd6 c3 25. f5 gxf5 26. Nxf5 Bxf5 27. Qxf5 Qb5 28. Qd7 Qc5+ 29. Kh1 c2 30. Qd2 Bb2 0-1

[Event "FIDE World Rapid-ch Open 2018"]
[White "Tregubov, Pavel V."]
[Black "Le, Quang Liem"]
[Site "St. Petersburg"]
[Round "2.44"]
[Annotator "ChessBase"]
[Result "1/2-1/2"]
[Date "2018.12.26"]
[WhiteElo "2592"]
[BlackElo "2714"]
[PlyCount "99"]
[TimeControl "900+10"]

1. d4 Nf6 2. c4 e6 3. Nc3 Bb4 4. e3 0-0 5. Nge2 Re8 6. a3 Bf8 7. d5 d6 8. Ng3 a5 9. Be2 Na6 10. 0-0 Nc5 11. b3 c6 12. e4 exd5 13. exd5 cxd5 14. cxd5 Bd7 15. Be3 Rc8 16. Bd4 g6 17. Bf3 Bg7 18. b4 Na6 19. Qb3 h5 20. h3 h4 21. Nge2 axb4 22. axb4 Bf5 23. Rfd1 Qd7 24. Rac1 Bxh3 25. Bxf6 Bxf6 26. gxh3 Qxh3 27. Bg2 Qf5 28. Ne4 Rxc1 29. Nxf6+ Qxf6 30. Nxc1 Re5 31. Qc3 Qg5 32. Nd3 Re8 33. Re1 Rxe1+ 34. Nxe1 Qg4 35. Nc2 h3 36. Ne3 Qxb4 37. Qxb4 Nxb4 38. Bxh3 f5 39. Bg2 b5 40. Bf1 f4 41. Ng4 Nxd5 42. Bxb5 Kg7 43. Kg2 g5 44. Kf3 Nc3 45. Bd7 Kg6 46. Bc8 Kh5 47. Nf6+ Kh4 48. Ne4 g4+ 49. Bxg4 Nxe4 50. Bf5 1/2-1/2

[Event "FIDE World Rapid-ch Open 2018"]
[White "Mamedov, Rauf"]
[Black "Shinkevich, Vitaly"]
[Site "St. Petersburg"]
[Round "2.45"]
[Annotator "ChessBase"]
[Result "1-0"]
[Date "2018.12.26"]
[WhiteElo "2703"]
[BlackElo "2439"]
[PlyCount "67"]
[TimeControl "900+10"]

1. e4 e5 2. Nf3 Nc6 3. Bc4 Bc5 4. c3 Nf6 5. d3 a6 6. a4 0-0 7. 0-0 d6 8. Bg5 h6 9. Bh4 g5 10. Nxg5 hxg5 11. Bxg5 Kg7 12. Qf3 Rh8 13. Nd2 Kg6 14. h4 Bg4 15. Qg3 Qd7 16. d4 Nh5 17. Qd3 exd4 18. cxd4 Bxd4 19. Bd5 Ba7 20. Be3 Ne5 21. Qc3 c6 22. Ba2 Bxe3 23. Qxe3 Qe7 24. f4 Nd7 25. Qf2 Kh6 26. Nc4 Rag8 27. e5 Bh3 28. Nxd6 Rh7 29. Kh2 Be6 30. f5 Bxa2 31. Qe3+ Kg7 32. f6+ Ndxf6 33. exf6+ Nxf6 34. Qxe7 1-0

[Event "FIDE World Rapid-ch Open 2018"]
[White "Sokolin, Leonid"]
[Black "Tomashevsky, Evgeny"]
[Site "St. Petersburg"]
[Round "2.46"]
[Annotator "ChessBase"]
[Result "0-1"]
[Date "2018.12.26"]
[WhiteElo "2508"]
[BlackElo "2705"]
[PlyCount "74"]
[TimeControl "900+10"]

1. e4 e5 2. Nf3 Nc6 3. Bb5 a6 4. Bxc6 dxc6 5. 0-0 Bd6 6. d4 exd4 7. Qxd4 f6 8. Nc3 Ne7 9. h3 Ng6 10. Be3 Qe7 11. Qd2 0-0 12. Nd4 Bd7 13. Rae1 Rad8 14. Qe2 Bc8 15. Qc4+ Qf7 16. Qxf7+ Kxf7 17. Rd1 Rfe8 18. f4 Bf8 19. Kf2 c5 20. Nde2 b5 21. Ng3 Bb7 22. f5 Ne5 23. b3 Bd6 24. Nd5 Bxd5 25. Rxd5 Nc6 26. Rfd1 Nb4 27. R5d2 Nxc2 28. Ne2 Nxe3 29. Kxe3 g5 30. fxg6+ hxg6 31. Kf3 Re5 32. Ng3 Rde8 33. Rc2 R5e6 34. Rd3 Rh8 35. Nf1 Rh4 36. Nd2 f5 37. exf5 Rf4+ 0-1

[Event "FIDE World Rapid-ch Open 2018"]
[White "Zhigalko, Sergei"]
[Black "Khusnutdinov, Rustam"]
[Site "St. Petersburg"]
[Round "2.48"]
[Annotator "ChessBase"]
[Result "0-1"]
[Date "2018.12.26"]
[WhiteElo "2604"]
[BlackElo "2470"]
[PlyCount "132"]
[TimeControl "900+10"]

1. e4 Nc6 2. Nf3 d6 3. d4 Nf6 4. Nc3 g6 5. d5 Nb8 6. h3 Bg7 7. Bc4 0-0 8. 0-0 c6 9. a4 b6 10. Re1 Bb7 11. Bg5 Nbd7 12. Qd2 Rc8 13. b3 a6 14. Rad1 cxd5 15. exd5 b5 16. axb5 Nb6 17. Nd4 axb5 18. Bxb5 Nbxd5 19. Nxd5 Bxd5 20. c4 Ba8 21. Qe3 Rc5 22. f4 e6 23. b4 Rc7 24. Nxe6 fxe6 25. Qxe6+ Kh8 26. Rxd6 Qb8 27. Kh2 Qb7 28. Re2 Ne4 29. Rb6 Nxg5 30. fxg5 Qa7 31. c5 Rcf7 32. Bc4 Rf4 33. Bd5 R4f5 34. Bxa8 Qxa8 35. h4 Rf4 36. Kh3 Qa1 37. Re1 Qd4 38. g3 Rf2 39. Re2 Rf1 40. Qe4 Qc3 41. Re6 R1f3 42. Rg2 R3f4 43. Qe3 Qxe3 44. Rxe3 Rxb4 45. Rc2 Rb7 46. c6 Rc7 47. Re6 Kg8 48. Rd6 Rfc8 49. Kg4 Bf8 50. Re6 Rd8 51. Rc4 Rd6 52. Rxd6 Bxd6 53. Rc2 Kf7 54. h5 Ke6 55. Rf2 Be5 56. Rc2 Kd5 57. hxg6 hxg6 58. Rd2+ Bd4 59. Re2 Rxc6 60. Re8 Be5 61. Rd8+ Ke4 62. Rg8 Rd6 63. Re8 Rd3 64. Re6 Rxg3+ 65. Kh4 Rg1 66. Rxg6 Kf5 0-1

[Event "FIDE World Rapid-ch Open 2018"]
[White "Jobava, Baadur"]
[Black "Kryakvin, Dmitry"]
[Site "St. Petersburg"]
[Round "2.49"]
[Annotator "ChessBase"]
[Result "1-0"]
[Date "2018.12.26"]
[WhiteElo "2627"]
[BlackElo "2588"]
[PlyCount "127"]
[TimeControl "900+10"]

1. d4 d5 2. c4 c6 3. Nc3 Nf6 4. Nf3 dxc4 5. a4 a5 6. e4 Bg4 7. Bxc4 e6 8. Be2 Bb4 9. 0-0 Nbd7 10. h3 Bh5 11. Ne5 Bxe2 12. Qxe2 0-0 13. Nd3 Be7 14. Rd1 Re8 15. Be3 Nf8 16. Rac1 Rc8 17. g3 Bb4 18. f3 Ng6 19. Kg2 Qe7 20. Na2 Nd7 21. Naxb4 axb4 22. b3 f5 23. Bd2 fxe4 24. fxe4 e5 25. Bxb4 Qe6 26. Nc5 Nxc5 27. dxc5 Qxb3 28. Rb1 Qf7 29. Bc3 Rc7 30. a5 Nf8 31. Rf1 Qe6 32. Rf5 Nd7 33. Rbf1 Rf8 34. Rxf8+ Nxf8 35. Qf3 Rf7 36. Qxf7+ Qxf7 37. Rxf7 Kxf7 38. Bxe5 Ne6 39. Bd6 Nd4 40. Bc7 Nb3 41. Bd6 Nxa5 42. Kf3 Nc4 43. Bc7 Kf6 44. h4 Nb2 45. Ke3 Ke6 46. Kd4 Nd1 47. g4 Nf2 48. g5 h5 49. gxh6 gxh6 50. h5 Ng4 51. e5 Kf5 52. Bd6 Nf2 53. Bf8 Ng4 54. Bg7 Ke6 55. Ke4 Kf7 56. Kf4 Nf2 57. Bxh6 Nd3+ 58. Kf5 Nxc5 59. Bg5 Ne6 60. h6 Nf8 61. Bf6 Nh7 62. e6+ Ke8 63. Bd4 b5 64. Bc5 1-0

[Event "FIDE World Rapid-ch Open 2018"]
[White "Anton Guijarro, David"]
[Black "Mikhalevski, Victor"]
[Site "St. Petersburg"]
[Round "2.50"]
[Annotator "ChessBase"]
[Result "1-0"]
[Date "2018.12.26"]
[WhiteElo "2642"]
[BlackElo "2579"]
[PlyCount "135"]
[TimeControl "900+10"]

1. e4 e5 2. Nf3 Nc6 3. Bc4 Bc5 4. c3 Nf6 5. d4 exd4 6. e5 d5 7. Bb5 Ne4 8. cxd4 Bb6 9. Nc3 0-0 10. Be3 Be6 11. 0-0 f6 12. exf6 Qxf6 13. Bxc6 bxc6 14. Qa4 c5 15. dxc5 Nxc5 16. Qc6 Bf7 17. Nxd5 Qxc6 18. Ne7+ Kh8 19. Nxc6 Na4 20. b3 Nc3 21. Rfe1 a5 22. Bd4 Bxd4 23. Nfxd4 a4 24. Rec1 Nd5 25. Ne5 Bg8 26. g3 c5 27. Rxc5 axb3 28. Nxb3 Nb4 29. Nd4 Rxa2 30. Rxa2 Nxa2 31. f4 Nb4 32. Rc7 Nd5 33. Ra7 Rb8 34. Nf5 g6 35. Nh6 Rb1+ 36. Kf2 Rb2+ 37. Kf3 Be6 38. Nhf7+ Bxf7 39. Nxf7+ Kg8 40. Nh6+ Kh8 41. Ng4 Rb6 42. Ra3 Rc6 43. Ra8+ Kg7 44. Ra5 Rc3+ 45. Ke2 Ne7 46. Ra7 Kf8 47. Ne3 Rb3 48. h3 h5 49. Ra6 Kf7 50. g4 hxg4 51. hxg4 Rb5 52. Nc4 Rb4 53. Ne5+ Kf8 54. Kf3 Rb3+ 55. Kf2 Kg7 56. Ra7 Kf8 57. Ra6 Kg7 58. Re6 Kf8 59. Nxg6+ Kf7 60. Rxe7+ Kxg6 61. Re6+ Kf7 62. Re3 Rb1 63. Kf3 Rf1+ 64. Ke4 Ke6 65. g5 Rf2 66. Ra3 Re2+ 67. Kf3 Rb2 68. Ra6+ 1-0

[Event "FIDE World Rapid-ch Open 2018"]
[White "Reshetnikov, Alexey"]
[Black "Akopian, Vladimir"]
[Site "St. Petersburg"]
[Round "2.51"]
[Annotator "ChessBase"]
[Result "0-1"]
[Date "2018.12.26"]
[WhiteElo "2492"]
[BlackElo "2650"]
[PlyCount "92"]
[TimeControl "900+10"]

1. d4 Nf6 2. c4 e6 3. Nc3 c5 4. d5 exd5 5. cxd5 d6 6. Nf3 g6 7. Nd2 Nbd7 8. e4 Bg7 9. Be2 0-0 10. 0-0 Re8 11. Qc2 Ne5 12. h3 g5 13. Nf3 Nxf3+ 14. Bxf3 h6 15. a4 Rb8 16. Ra3 a6 17. Ne2 b5 18. axb5 axb5 19. b4 Nd7 20. Bg4 cxb4 21. Rb3 Nc5 22. Rxb4 Bxg4 23. hxg4 Qc8 24. Ng3 Qxg4 25. Be3 Rbc8 26. Bxc5 Rxc5 27. Qd3 Kf8 28. Nf5 Be5 29. Qd1 Qxd1 30. Rxd1 Bc3 31. Rb3 Rxe4 32. Nxd6 Rd4 33. Rxd4 Bxd4 34. Nxb5 Rc1+ 35. Kh2 Bxf2 36. Rd3 Rc5 37. Nc3 Rc4 38. g3 Rd4 39. Rxd4 Bxd4 40. Ne4 Be5 41. Kh3 f5 42. Nc5 g4+ 43. Kh4 Kf7 44. Kh5 Bxg3 45. Kxh6 Bf4+ 46. Kh5 g3 0-1

[Event "FIDE World Rapid-ch Open 2018"]
[White "Salem, A.R. Saleh"]
[Black "Belozerov, Andrei"]
[Site "St. Petersburg"]
[Round "2.52"]
[Annotator "ChessBase"]
[Result "1-0"]
[Date "2018.12.26"]
[WhiteElo "2660"]
[BlackElo "2528"]
[PlyCount "135"]
[TimeControl "900+10"]

1. e4 c6 2. d4 d5 3. Nd2 dxe4 4. Nxe4 Bf5 5. Ng3 Bg6 6. h4 h6 7. Nf3 Nd7 8. h5 Bh7 9. Bd3 Bxd3 10. Qxd3 e6 11. Bd2 Ngf6 12. 0-0-0 Be7 13. Kb1 0-0 14. Ne4 c5 15. Nxf6+ Bxf6 16. d5 c4 17. Qxc4 Nb6 18. Qb3 Qxd5 19. Bb4 Qxb3 20. axb3 Rfc8 21. Ba5 Nd5 22. c4 b6 23. Bd2 Ne7 24. Be3 Rd8 25. b4 Rdc8 26. Rc1 Nc6 27. b5 Na5 28. Nd2 a6 29. Bxb6 axb5 30. c5 Bg5 31. Bxa5 Rxa5 32. Nb3 Ra4 33. Rc2 Kf8 34. Rd1 Rc4 35. Rd3 Ke7 36. Rd4 Ra4 37. c6 Bf6 38. Rd7+ Ke8 39. Rb7 Rh4 40. Rxb5 Rh1+ 41. Ka2 Bd8 42. Nd2 Rd1 43. Rb7 Be7 44. b4 Ra8+ 45. Kb3 Rda1 46. Kc4 R1a4 47. Ne4 Rc8 48. Kb3 Rca8 49. Nc5 Ra3+ 50. Kc4 Rc8 51. Kb5 Ra1 52. Nd7 Rb1 53. Rc4 Bxb4 54. Rxb4 Rxb4+ 55. Kxb4 Rxc6 56. Nc5 Rd6 57. Kc4 Rd1 58. Ne4 Rd5 59. Rb5 f5 60. Rb8+ Ke7 61. Rb7+ Ke8 62. Nc5 Rd2 63. Nxe6 Rxf2 64. Rxg7 f4 65. Rg6 Kf7 66. Nd4 Ke7 67. Kd5 Kf7 68. Ke4 1-0

[Event "FIDE World Rapid-ch Open 2018"]
[White "Dreev, Aleksey"]
[Black "Vishnu Prasanna. V"]
[Site "St. Petersburg"]
[Round "2.53"]
[Annotator "ChessBase"]
[Result "1-0"]
[Date "2018.12.26"]
[WhiteElo "2670"]
[BlackElo "2518"]
[PlyCount "107"]
[TimeControl "900+10"]

1. d4 Nf6 2. Nf3 g6 3. g3 Bg7 4. Bg2 0-0 5. 0-0 d6 6. b3 Nbd7 7. Bb2 Re8 8. c4 c6 9. e3 a6 10. b4 b5 11. Nfd2 d5 12. cxd5 Nxd5 13. Qb3 e5 14. Nc3 Bb7 15. Nxd5 cxd5 16. Bxd5 Bxd5 17. Qxd5 Nb6 18. Qxd8 Raxd8 19. Nb3 Na4 20. Rab1 Nxb2 21. Rxb2 exd4 22. exd4 Bxd4 23. Rc2 Bg7 24. Nc5 Rd6 25. Kg2 Bf8 26. Rfc1 h5 27. h4 Bh6 28. Rb1 Rc6 29. Rd1 Rec8 30. Rd7 a5 31. a3 Bf8 32. Rd5 a4 33. Kf3 Rf6+ 34. Kg2 Rfc6 35. Kf3 Be7 36. Ke4 Bf8 37. Kd3 R6c7 38. f3 Rc6 39. f4 f5 40. Re5 Rd8+ 41. Ke2 Kf7 42. Rd2 Rxd2+ 43. Kxd2 Rc8 44. Ne6 Be7 45. Ng5+ Bxg5 46. hxg5 Rd8+ 47. Ke3 Rb8 48. Kd4 Rb7 49. Kc5 Rc7+ 50. Kxb5 Rc3 51. Kxa4 Rxg3 52. b5 h4 53. b6 h3 54. b7 1-0

[Event "FIDE World Rapid-ch Open 2018"]
[White "Usmanov, Vasily"]
[Black "Kovalenko, Igor"]
[Site "St. Petersburg"]
[Round "2.54"]
[Annotator "ChessBase"]
[Result "1-0"]
[Date "2018.12.26"]
[WhiteElo "2450"]
[BlackElo "2657"]
[PlyCount "113"]
[TimeControl "900+10"]

1. d4 Nf6 2. c4 c6 3. Nf3 d5 4. cxd5 cxd5 5. Nc3 Nc6 6. Bf4 a6 7. e3 Bg4 8. h3 Bxf3 9. Qxf3 e6 10. Bd3 h6 11. 0-0 Bd6 12. Rac1 0-0 13. a3 Ne8 14. Na4 Qf6 15. Bxd6 Qxf3 16. gxf3 Nxd6 17. Nb6 Rad8 18. f4 g6 19. Rc5 Kg7 20. h4 h5 21. Rfc1 Rfe8 22. Kg2 Re7 23. b4 Kf6 24. Kh3 Ree8 25. R1c2 Re7 26. Rb2 Na7 27. Rbc2 Kg7 28. Rc7 Kf8 29. Rxe7 Kxe7 30. Rc7+ Ke8 31. Bxa6 Rb8 32. Bd3 Nab5 33. Rc5 Nxa3 34. Kg2 Rd8 35. Kf3 Ke7 36. Ke2 Kf6 37. Kd1 Nf5 38. Ra5 Nc4 39. Bxc4 dxc4 40. Nxc4 Rc8 41. Rc5 Ra8 42. Rc7 Nxh4 43. Ne5 Kf5 44. Rxf7+ Ke4 45. Rxb7 Ra2 46. b5 Rxf2 47. b6 Nf5 48. Kc1 Nxe3 49. Rc7 Rf1+ 50. Kb2 Rf2+ 51. Kb1 h4 52. b7 h3 53. b8=Q h2 54. Rc1 Rg2 55. Qb7+ Nd5 56. Qh7 Kxd4 57. Nf3+ 1-0

[Event "FIDE World Rapid-ch Open 2018"]
[White "Drygalov, Sergey"]
[Black "Jones, Gawain C B"]
[Site "St. Petersburg"]
[Round "2.55"]
[Annotator "ChessBase"]
[Result "1-0"]
[Date "2018.12.26"]
[WhiteElo "2446"]
[BlackElo "2682"]
[PlyCount "73"]
[TimeControl "900+10"]

1. d4 Nf6 2. Nf3 g6 3. c4 Bg7 4. g3 0-0 5. Bg2 c5 6. Nc3 d6 7. 0-0 Nc6 8. dxc5 dxc5 9. Bf4 Nh5 10. Be3 Nd4 11. Qd2 e5 12. Nd5 Nf6 13. Nxd4 exd4 14. Bg5 Bf5 15. a3 Rc8 16. e4 dxe3 17. fxe3 Ne4 18. Bxe4 Qxg5 19. Bxf5 gxf5 20. Rxf5 Qd8 21. Raf1 Rc6 22. Qf2 Qe8 23. b3 b6 24. Qf4 Qe6 25. Qg5 h6 26. Qh5 Rd6 27. a4 Rxd5 28. cxd5 Qxe3+ 29. Kg2 Qxb3 30. Rxf7 Qc2+ 31. Kh3 Rxf7 32. Qxf7+ Kh8 33. d6 Qd3 34. d7 c4 35. Rf4 c3 36. Qe8+ Kh7 37. d8=Q 1-0

[Event "FIDE World Rapid-ch Open 2018"]
[White "Demchenko, Anton"]
[Black "Sanal, Vahap"]
[Site "St. Petersburg"]
[Round "2.56"]
[Annotator "ChessBase"]
[Result "1-0"]
[Date "2018.12.26"]
[WhiteElo "2679"]
[BlackElo "2490"]
[PlyCount "127"]
[TimeControl "900+10"]

1. e4 e5 2. Nf3 Nf6 3. Nxe5 d6 4. Nf3 Nxe4 5. Qe2 Qe7 6. d3 Nf6 7. Bg5 Nbd7 8. Nc3 Qxe2+ 9. Bxe2 Be7 10. 0-0-0 0-0 11. h3 Re8 12. Rde1 a6 13. Bd1 b5 14. Ne2 Bb7 15. Ned4 g6 16. Bd2 c5 17. Nb3 Bd5 18. Na5 Rac8 19. Kb1 Nf8 20. Rhg1 Ne6 21. Ng5 Bf8 22. Nxe6 fxe6 23. f4 Ba8 24. g4 Kf7 25. c4 Nd7 26. Ref1 Bg7 27. f5 Bd4 28. Rg3 Kg7 29. cxb5 axb5 30. a4 Rb8 31. Bc1 Be5 32. Re3 exf5 33. gxf5 Nb6 34. axb5 Nd5 35. Ree1 Nb4 36. Re3 Bd5 37. Nc4 Nxd3 38. Nxe5 Nxe5 39. Be2 gxf5 40. Rxf5 Bf7 41. Rf1 Bg6+ 42. Ka2 c4 43. Ra3 Rb7 44. Bd2 Nd3 45. Bc3+ Kh6 46. Bd2+ Kg7 47. Bc3+ Kh6 48. Bf3 Be4 49. Ra6 Bxf3 50. Rxd6+ Kg5 51. Rxf3 Re2 52. Rg3+ Kh4 53. Rg4+ Kxh3 54. Rxc4 Ne5 55. Rc5 Ng4 56. Kb3 Re3 57. Kb4 Kg3 58. b6 Nf2 59. Rc7 Rb8 60. Kb5 Ne4 61. Rdc6 Rd3 62. Be5+ Kf3 63. Rf7+ Ke3 64. Bxb8 1-0

[Event "FIDE World Rapid-ch Open 2018"]
[White "Lomasov, Semyon"]
[Black "Esipenko, Andrey"]
[Site "St. Petersburg"]
[Round "2.57"]
[Annotator "ChessBase"]
[Result "1/2-1/2"]
[Date "2018.12.26"]
[WhiteElo "2553"]
[BlackElo "2593"]
[PlyCount "29"]
[TimeControl "900+10"]

1. d4 Nf6 2. c4 g6 3. Nc3 d5 4. Bg5 Ne4 5. Bh4 Nxc3 6. bxc3 dxc4 7. e3 Be6 8. Be2 Bg7 9. Nh3 Bxh3 10. gxh3 Qd7 11. Bg3 0-0 12. 0-0 c5 13. dxc5 Qf5 14. Bxc4 Qxc5 15. Qd5 1/2-1/2

[Event "FIDE World Rapid-ch Open 2018"]
[White "Bazeev, German"]
[Black "Grigoriants, Sergey"]
[Site "St. Petersburg"]
[Round "2.58"]
[Annotator "ChessBase"]
[Result "1-0"]
[Date "2018.12.26"]
[WhiteElo "2416"]
[BlackElo "2540"]
[PlyCount "58"]
[TimeControl "900+10"]

1. d4 Nf6 2. Nf3 g6 3. c4 Bg7 4. Nc3 d5 5. cxd5 Nxd5 6. Qa4+ Nc6 7. e4 Nb6 8. Qc2 0-0 9. d5 Nb8 10. a4 c6 11. a5 N6d7 12. Be2 Nf6 13. 0-0 cxd5 14. Rd1 Qc7 15. exd5 Na6 16. Qb3 Bd7 17. Be3 Rfc8 18. h3 Nc5 19. Qb4 b6 20. a6 Ne8 21. Nd4 Nd6 22. Bf4 Qd8 23. Bf3 Nxa6 24. Rxa6 Rc4 25. Bxd6 Qc8 26. Be2 Rxb4 27. Bxb4 Qc7 28. Nc6 Bxc6 29. dxc6 Bf8 1-0

[Event "FIDE World Rapid-ch Open 2018"]
[White "Potkin, Vladimir"]
[Black "Christiansen, Johan-Sebastian"]
[Site "St. Petersburg"]
[Round "2.59"]
[Annotator "ChessBase"]
[Result "1-0"]
[Date "2018.12.26"]
[WhiteElo "2597"]
[BlackElo "2555"]
[PlyCount "149"]
[TimeControl "900+10"]

1. c4 e5 2. Nc3 Nc6 3. Nf3 Nf6 4. g3 d5 5. cxd5 Nxd5 6. Bg2 Bc5 7. 0-0 0-0 8. d3 Re8 9. Qb3 Nxc3 10. bxc3 h6 11. Nd2 a5 12. Nc4 Bf8 13. a4 Qd7 14. Ba3 Bxa3 15. Rxa3 b6 16. Rd1 Bb7 17. e3 Rad8 18. d4 e4 19. Nd2 Nb8 20. Raa1 Qe7 21. Qc2 Nd7 22. Rab1 h5 23. c4 Nf6 24. c5 Ba6 25. cxb6 Bd3 26. Qxc7 Bxb1 27. Qxe7 Rxe7 28. Rxb1 Nd5 29. Rb5 Nc3 30. Rxa5 Rb8 31. Ra6 Nd5 32. Nc4 Rc8 33. Bf1 Rb8 34. Ra5 Nxb6 35. Rb5 Nd7 36. Rxh5 Rb1 37. Kg2 Ra1 38. a5 g6 39. Rb5 Nf6 40. Ne5 Ra7 41. a6 Kg7 42. Rb3 Ra2 43. Bc4 Rc2 44. Rb4 Rc7 45. Ra4 Ng4 46. a7 Nxe3+ 47. Kh3 Rxa7 48. Rxa7 Nxc4 49. Rxf7+ Kh6 50. Rc7 Na3 51. Rxc2 Nxc2 52. d5 Kg5 53. d6 Kf6 54. d7 Ke7 55. Kg4 e3 56. fxe3 Nxe3+ 57. Kg5 Nf1 58. Nf3 Kxd7 59. Kxg6 Ke7 60. g4 Kf8 61. h4 Ne3 62. g5 Nd5 63. Kh7 Nf4 64. Ne5 Nh5 65. Kg6 Nf4+ 66. Kf5 Nd5 67. h5 Kg7 68. h6+ Kh7 69. Nf7 Ne7+ 70. Kg4 Nd5 71. Ne5 Nc7 72. Kh5 Ne6 73. g6+ Kg8 74. Kg4 Nd4 75. h7+ 1-0

[Event "FIDE World Rapid-ch Open 2018"]
[White "Abdusattorov, Nodirbek"]
[Black "Salgado Lopez, Ivan"]
[Site "St. Petersburg"]
[Round "2.60"]
[Annotator "ChessBase"]
[Result "1/2-1/2"]
[Date "2018.12.26"]
[WhiteElo "2546"]
[BlackElo "2629"]
[PlyCount "68"]
[TimeControl "900+10"]

1. e4 c5 2. Nc3 Nc6 3. Bb5 Nd4 4. Bc4 a6 5. Nf3 b5 6. Bd5 Rb8 7. Nxd4 cxd4 8. Ne2 Nf6 9. Nxd4 Qb6 10. Nf3 Nxd5 11. exd5 Bb7 12. 0-0 Bxd5 13. Re1 e6 14. d4 Be7 15. Ne5 h5 16. c3 Qb7 17. f3 g5 18. Nd3 Rg8 19. Qe2 g4 20. f4 f5 21. a4 h4 22. axb5 axb5 23. Ne5 h3 24. g3 d6 25. Nd3 Bc4 26. Rd1 Kf7 27. Rb1 b4 28. b3 Bd5 29. Re1 bxc3 30. Ba3 Rgc8 31. Nb4 Be4 32. Nc2 Ra8 33. d5 exd5 34. Rbd1 Qxb3 1/2-1/2

[Event "FIDE World Rapid-ch Open 2018"]
[White "Borisenko, Viacheslav"]
[Black "Iljiushenok, Ilia"]
[Site "St. Petersburg"]
[Round "2.62"]
[Annotator "ChessBase"]
[Result "0-1"]
[Date "2018.12.26"]
[WhiteElo "2289"]
[BlackElo "2533"]
[PlyCount "138"]
[TimeControl "900+10"]

1. e4 c5 2. Nf3 e6 3. c3 Nf6 4. d3 Nc6 5. Be2 Be7 6. 0-0 0-0 7. h3 d5 8. e5 Nd7 9. d4 f6 10. exf6 Bxf6 11. Be3 b6 12. a4 e5 13. Qb3 Ne7 14. dxe5 Nxe5 15. Nbd2 Bf5 16. Rfd1 N5c6 17. Nf1 h6 18. Bb5 Na5 19. Qa2 c4 20. Ba6 Nb3 21. Bxc4 Nxa1 22. Qxa1 Bc2 23. Rd2 Be4 24. Be2 Nf5 25. Qd1 Qe7 26. Bf4 Rad8 27. Ne3 Nxe3 28. Bxe3 Kh8 29. Nd4 Bxd4 30. Rxd4 Rd6 31. Bd3 Rg6 32. Bxe4 dxe4 33. Rd7 Qe6 34. Kf1 a6 35. Qd4 Kh7 36. c4 Rc8 37. b3 b5 38. axb5 axb5 39. cxb5 Qxb3 40. b6 Qb1+ 41. Qd1 Rxb6 42. Bxb6 Rc1 43. Qxc1 Qxc1+ 44. Ke2 Qb2+ 45. Ke3 Qxb6+ 46. Rd4 Kg6 47. Kxe4 Qc6+ 48. Ke3 Qc3+ 49. Rd3 Qc5+ 50. Ke2 Qe5+ 51. Re3 Qb2+ 52. Kf3 Kf5 53. g3 Qb7+ 54. Ke2 Qg2 55. Rf3+ Kg5 56. h4+ Kg4 57. Rf4+ Kh3 58. Ke3 Qd5 59. Rd4 Qc5 60. Kd3 Kg2 61. Rf4 Qd5+ 62. Ke3 Qe5+ 63. Kd3 g5 64. hxg5 hxg5 65. Re4 Qd5+ 66. Ke3 Qc5+ 67. Rd4 Qe5+ 68. Re4 Qc3+ 69. Ke2 Qf3+ 0-1

[Event "FIDE World Rapid-ch Open 2018"]
[White "Novikov, Stanislav"]
[Black "Yakubboev, Nodirbek"]
[Site "St. Petersburg"]
[Round "2.63"]
[Annotator "ChessBase"]
[Result "1/2-1/2"]
[Date "2018.12.26"]
[WhiteElo "2540"]
[BlackElo "2556"]
[PlyCount "125"]
[TimeControl "900+10"]

1. e4 c5 2. Nf3 d6 3. c3 Nf6 4. Be2 g6 5. 0-0 Bg7 6. Bb5+ Nc6 7. Re1 a6 8. Bxc6+ bxc6 9. d4 cxd4 10. cxd4 d5 11. e5 Ne4 12. Nbd2 c5 13. Qc2 Bf5 14. dxc5 Rc8 15. Nxe4 dxe4 16. Nh4 Bxe5 17. Be3 Qd3 18. Qxd3 exd3 19. Nxf5 gxf5 20. Rad1 f4 21. Bc1 Rxc5 22. Rxd3 f6 23. Bd2 Kf7 24. Bc3 Rhc8 25. Rc1 Rb5 26. g3 fxg3 27. hxg3 Bxc3 28. Rcxc3 Rxc3 29. bxc3 Rb2 30. a4 Rb3 31. Rd7 Ra3 32. Ra7 Rxa4 33. Kg2 Ke6 34. Kf3 h5 35. Ke3 Kd6 36. Ra8 Ra3 37. Kd3 Ra2 38. Ke3 a5 39. Ra6+ Kd5 40. f4 a4 41. Kd3 Rg2 42. Ra5+ Ke6 43. Rxa4 Rxg3+ 44. Kd4 Rf3 45. Ke4 Rxc3 46. f5+ Kf7 47. Kf4 h4 48. Ra1 h3 49. Rh1 Ke8 50. Kg4 Rd3 51. Rh2 Kd7 52. Re2 Rd5 53. Rf2 Rd3 54. Re2 Ke8 55. Rh2 Kd8 56. Re2 Kd7 57. Ra2 Kd6 58. Re2 Rd5 59. Re6+ Kd7 60. Re2 Rd3 61. Ra2 Kd6 62. Re2 Kd7 63. Ra2 1/2-1/2